 Dungeon Crawl Stone Soup version 0.32-a0-519-g08f29ac1c3 (webtiles) character file.

Game seed: 7507929823175315697

264 AfterTheFire the Trooper (level 5, -11/42 HPs)
             Began as a Mummy Fighter on Feb 27, 2024.
             Was a Priest of Beogh.
             Mangled by Orbeogh the orc apostle
             ... wielding a +3 heavy flail
              (23 damage)
             ... on level 4 of the Dungeon.
             The game lasted 00:03:11 (3134 turns).

AfterTheFire the Trooper (Mummy Fighter)            Turns: 3134, Time: 00:03:12

Health: -11/42     AC:  6    Str: 21    XL:     5   Next: 98%
Magic:  5/5        EV:  8    Int:  8    God:    Beogh [***...]
Gold:   145        SH:  8    Dex: 11    Spells: 4/4 levels left

rFire   x . .        a - +0 flail
rCold   + . .        j - +0 kite shield
rNeg    + + +        b - +0 scale mail
rPois   ∞            (no helmet)
rElec   .            (no cloak)
rCorr   .            (no gloves)
SInv    .            (no boots)
Will    .....        (no amulet) Stlth
                     (no ring)
HPRegen 0.27/turn    (no ring)
MPRegen 0.09/turn

%: faith
@: no status effects
A: cold resistance 1, negative energy resistance 3, torment resistance 2, heat
vulnerability 1, in touch with death 1, no potions, faith
a: Renounce Religion, Smiting


You were on level 4 of the Dungeon.
You worshipped Beogh.
Beogh was most pleased with you.
You visited 1 branch of the dungeon, and saw 4 of its levels.

You collected 145 gold pieces.

Inventory:

Hand Weapons
 a - a +0 flail (weapon)
Missiles
 h - a throwing net (quivered)
 k - 2 boomerangs
Armour
 b - a +0 scale mail (worn)
 c - a +0 buckler
 j - a +0 kite shield (worn)
Scrolls
 d - a scroll of brand weapon {unknown}
 e - a scroll of immolation {unknown}
 f - a scroll of identify {unknown}
 g - a scroll of teleportation {@r3}
 i - a scroll of silence {unknown}
 l - a scroll of enchant armour {unknown}
 m - 3 scrolls of vulnerability {unknown}


   Skills:
 + Level 4.2 Fighting
 * Level 3.8 Maces & Flails
 - Level 2.4 Armour
 + Level 3.4 Shields


You had 4 spell levels left.
You didn't know any spells.
Your spell library contained the following spells:

 Spells                   Type           Power      Damage    Failure   Level
 Freeze                   Ice            0%         1d3       96%         1
 Frozen Ramparts          Ice            0%         1d1       100%        3
 Hailstorm                Conj/Ice       0%         3d5       100%        3
 Volatile Blastmotes      Fire/Tloc      0%         2d10      100%        3
 Fulminant Prism          Conj/Alch      0%         3d5       100%        4
 Iskenderun's Mystic Bla  Conj/Tloc      0%         2d3       100%        4


Dungeon Overview and Level Annotations

Branches:
Dungeon (4/15)
 Temple: D:4-7

Altars:
Qazlal
Beogh

Shops:
D:4 !(

Annotations:
D:3 Pargi
D:4 3 runed translucent doors, TobyConnect's ghost, amateur OpFi; Twiddyhohoho's ghost, amateur MDMo; minbekrie's ghost, amateur MDFE; mopl's ghost, weakling OpDe


Innate Abilities, Weirdness & Mutations

Your facial features look somewhat orcish.
You are immune to poison.
Your flesh is cold resistant. (rC+)
You are immune to negative energy. (rN+++)
You are immune to unholy pain and torment.
You are vulnerable to heat. (rF-)
You are in touch with the powers of death.
You do not drink.
You have a special connection with the divine. (Faith)


Message History

Beogh speaks to you: Beware that a challenger has come seeking you in battle.
Prove your devotion to me!
Unite all my children beneath one banner!
The orc stares at you in amazement and kneels.
It shouts, "AfterTheFire is one of us!" 2 orcs come into view.
The orc shouts!
You hear a shout!
An orc priest comes into view. It is wielding a +0 club.
An orc priest comes into view. It is wielding a +0 war axe.
Unknown command.
Orbeogh the orc apostle comes into view.
She is wielding a +3 heavy flail.
Orbeogh barely misses you.
Things that are here:
a +0 trident; an orc corpse You barely miss Orbeogh.
Something hits the orc!
The orc dies!
Minbekrie's ghost says, "I'm committing your attacks to memory."
You hit Orbeogh but do no damage. Orbeogh completely misses you.
You barely miss Orbeogh. You block Orbeogh's attack.
You closely miss Orbeogh.
Orbeogh invokes the aid of Beogh against you.
Beogh smites you!
You barely miss Orbeogh. You block Orbeogh's attack.
You sock Orbeogh!
Orbeogh is lightly wounded.
Orbeogh hits you with a +3 heavy flail!
You barely miss Orbeogh.
Orbeogh is lightly wounded.
Orbeogh calls down the wrath of Beogh upon you.
Beogh smites you!
* * * LOW HITPOINT WARNING * * *
TobyConnect's ghost screams, "Don't try to defend!
You have no chance!"
Minbekrie's ghost whispers, "Everlasting silence awaits you..."
You closely miss Orbeogh.
Orbeogh is lightly wounded.
Orbeogh barely misses you.
You sock Orbeogh!
Orbeogh is moderately wounded.
Orbeogh hits you with a +3 heavy flail!!
Ouch! That really hurt!
You die...
Beogh appreciates Orbeogh's killing of a heretic priest.

##.....#......... ###
####................
....................<...
#o.###.................
............######.....
#.........#?ß/ #.... ♣
#._..)....#W... #.## ♣.
#...o.)...#W... .#
♣..####@.....+W....
♣.......#....+W....
♣.......###..+.....
♣♣♣♣♣♣..# ...#.....
o.♣♣♣♣♣♣♣..# o.#....
o..o....)..# ..#?ß$
...o.......# ##
...#########


You could see Orbeogh the orc apostle (divinely empowered), an orc priest,
TobyConnect's ghost, Twiddyhohoho's ghost, minbekrie's ghost and mopl's ghost.

Vanquished Creatures
  A phantom (D:4)
  A scorpion (D:4)
  An iguana (D:3)
  4 adders
  A ribbon worm (D:2)
  2 orcs (D:4)
  8 ball pythons
  7 endoplasms
  2 giant cockroaches (D:2)
  4 goblins
  6 hobgoblins
  8 kobolds
  4 quokkas
  6 bats
  2 frilled lizards (D:3)
  8 rats
65 creatures vanquished.

Vanquished Creatures (others)
  2 orcs (D:4)
2 creatures vanquished.

Grand Total: 67 creatures vanquished

Notes
Turn   | Place    | Note
-------+----------+-------------------------------------------
     0 | D:1      | AfterTheFire the Mummy Fighter began the quest for the Orb.
     0 | D:1      | Reached XP level 1. HP: 18/18 MP: 1/1
   125 | D:1      | Found a faded altar of an unknown god.
   146 | D:1      | Prayed at the altar of an unknown god.
   146 | D:1      | Became a worshipper of Beogh the Shepherd
   146 | D:1      | Reached * piety under Beogh
   156 | D:1      | Reached XP level 2. HP: 21/24 MP: 2/2
  1008 | D:2      | Reached XP level 3. HP: 9/29 MP: 3/3
  1237 | D:2      | Reached ** piety under Beogh
  1965 | D:3      | Reached XP level 4. HP: 26/36 MP: 4/4
  2209 | D:3      | Noticed Pargi
  2892 | D:4      | Found Adoqa's Distillery.
  2912 | D:4      | Noticed a scorpion
  2913 | D:4      | Found Guukhler's Weapon Shop.
  2920 | D:4      | Killed a scorpion
  2921 | D:4      | Reached skill level 4 in Fighting
  2921 | D:4      | Reached XP level 5. HP: 30/42 MP: 5/5
  3032 | D:4      | Noticed a phantom
  3044 | D:4      | Killed a phantom
  3093 | D:4      | Found a stormy altar of Qazlal.
  3093 | D:4      | Found a runed translucent gate.
  3093 | D:4      | Found a runed translucent gate.
  3093 | D:4      | Found a runed translucent gate.
  3094 | D:4      | Noticed minbekrie's ghost (amateur MDFE)
  3094 | D:4      | Noticed TobyConnect's ghost (amateur OpFi)
  3094 | D:4      | Noticed Twiddyhohoho's ghost (amateur MDMo)
  3095 | D:4      | Noticed mopl's ghost (weakling OpDe)
  3099 | D:4      | Reached *** piety under Beogh
  3122 | D:4      | Noticed Orbeogh
  3134 | D:4      | Mangled by Orbeogh the orc apostle

Illustrated notes

Levels and vault maps discovered:
D:1:      mrwooster_arrival_arrow, layout_basic, shapermc_ecumenical_altar_gd
D:2:      layout_loops_ring
D:3:      layout_basic, general_overflow_altar, serial_bayou,
          serial_bayou_shore_a, serial_bayou_pond_a, serial_bayou_ford_a,
          serial_bayou_crossing, minivault_27, uniq_pargi
D:4:      layout_rooms, mainiacjoe_overflow_chevrons, serial_shops,
          nicolae_square_shop, nicolae_shop_bloodbath_and_beyond,
          nicolae_shop_tiny_real_fake_doors, nicolae_shop_advertising_works
          [nicolae_subvault_shop_adworks], kennysheep_mini_moat,
          gammafunk_ghost_cemetery

Skill      XL: |  1  2  3  4 |
---------------+-------------+-----
Maces & Flails | 2 3 |  3.8
Shields        | 3 |  3.4
Fighting       | 4 |  4.2
Armour         | |  2.4

Action                     |  1- 3 |  4- 6 || total
---------------------------+-------+-------++-------
  Melee: Flail             |   166 |    94 ||   260
    Use: Scroll            |       |     1 ||     1
 Armour: Scale mail        |   166 |    85 ||   251
  Dodge: Dodged            |    92 |    55 ||   147
         Repelled          |     1 |       ||     1
  Block: Buckler           |    54 |    19 ||    73
         Kite shield       |       |    17 ||    17

Table legend: (Time is in decaauts)
 A = Elapsed time spent in this place.
 B = Non-inter-level travel time spent in this place.
 C = Inter-level travel time spent in this place.
 D = Time resting spent in this place.
 E = Time spent auto-exploring this place.
 F = Levels seen in this place.
 G = Mean time per level.
                   A        B        C        D        E       F      G
               +--------+--------+--------+--------+--------+-----+--------+
         Total |   3226 |   2977 |    249 |     68 |   2307 |   4 |  806.5 |
       Dungeon |   3226 |   2977 |    249 |     68 |   2307 |   4 |  806.5 |
               +--------+--------+--------+--------+--------+-----+--------+

Top non-repeatable levels by time:
     D:1: 1007 daAuts
     D:3: 997 daAuts
     D:2: 944 daAuts
     D:4: 277 daAuts
